 Dungeon Crawl Stone Soup version 0.25-a0-591-g2ad0d861f1 (webtiles) character file.

Game seed: 8180031861431743731, levelgen mode: deterministic

81342 Lugonue the Fencer (level 15, -2/134 HPs)
             Began as a Minotaur Gladiator on Mar 13, 2020.
             Was the Champion of Okawaru.
             Killed from afar by Frances (50 damage)
             ... with a shard of ice
             ... on level 1 of the Elven Halls.
             The game lasted 00:51:14 (18702 turns).

Lugonue the Fencer (Minotaur Gladiator)            Turns: 18702, Time: 00:51:14

Health: -2/134     AC: 32    Str: 32    XL:     15   Next: 26%
Magic:  16/16      EV: 18    Int: 11    God:    Okawaru [******]
Gold:   1297       SH:  3    Dex: 13    Spells: 14/14 levels left

rFire    . . .     SeeInvis +   A - +4 triple sword of Grandeur {freeze, Str+3 Int+4}
rCold    . . .     Gourm    .   (shield currently unavailable)
rNeg     . . .     Faith    .   Y - +7 plate armour of the Tundras {rPois Str+2}
rPois    +         Spirit   .   m - +3 crown of Dyrovepreva {rElec Int+2 SInv}
rElec    +         Reflect  +   O - +2 cloak
rCorr    .         Harm     .   K - +2 pair of gloves
MR       +....     Clarity  +   M - +0 pair of boots
Stlth    ..........             B - +3 amulet of reflection
HPRegen  0.32/turn              g - +3 ring of evasion
MPRegen  0.15/turn              G - +3 ring of strength

@: studying 3 skills, lightly drained
A: retaliatory headbutt, horns 2, blurry vision 1, clarity
a: Heroism, Finesse, Renounce Religion


You were on level 1 of the Elven Halls.
You worshipped Okawaru.
Okawaru was exalted by your worship.
You were not hungry.

You visited 5 branches of the dungeon, and saw 21 of its levels.
You also visited: Sewer and Gauntlet.

You collected 2324 gold pieces.
You spent 1027 gold pieces at shops.

Inventory:

Hand Weapons
 c - a +0 hand crossbow
 d - the +5 triple sword "Undertaker" {vorpal, +Blink}
   (Okawaru gifted it to you on level 10 of the Dungeon)

   It inflicts extra damage upon your enemies.
   It lets you blink.
 i - a +0 triple sword of holy wrath
 A - the +4 triple sword of Grandeur (weapon) {freeze, Str+3 Int+4}
   (Okawaru gifted it to you on level 1 of the Lair of Beasts)

   It has been specially enchanted to freeze those struck by it, causing extra
   injury to most foes and up to half again as much damage against particularly
   susceptible opponents.
   It can also slow down cold-blooded creatures.
   It affects your strength (+3).
   It affects your intelligence (+4).
Missiles
 e - 16 curare-tipped darts
 z - 12 boomerangs
 H - 23 javelins (quivered)
 T - 2 silver javelins
Armour
 m - the +3 crown of Dyrovepreva (worn) {rElec Int+2 SInv}
   (You found it in a Gauntlet)

   It affects your intelligence (+2).
   It insulates you from electricity.
   It lets you see invisible.
 K - a +2 pair of gloves (worn)
 M - a +0 pair of boots (worn)
 O - a +2 cloak (worn)
 Y - the +7 plate armour of the Tundras (worn) {rPois Str+2}
   (You bought it in a shop on level 1 of the Orcish Mines)

   It affects your strength (+2).
   It protects you from poison.
Jewellery
 g - a +3 ring of evasion (left hand)
 B - a +3 amulet of reflection (around neck)
 G - a +3 ring of strength (right hand)
Wands
 n - a wand of flame (32)
 C - a wand of paralysis (9)
 Q - a wand of acid (12)
Scrolls
 a - a scroll of silence
 b - a scroll of magic mapping
 j - a scroll of blinking
 k - a scroll of amnesia
 q - 6 scrolls of remove curse
 s - 7 scrolls of teleportation
 v - 4 scrolls of fear
 R - a scroll of fog
 W - 11 scrolls of identify
 X - 3 scrolls of enchant weapon
Potions
 h - 5 potions of curing
 l - 2 potions of brilliance
 o - 2 potions of resistance
 r - a potion of heal wounds
 w - 5 potions of flight
 D - 3 potions of haste
 F - 2 potions of might
 L - 2 potions of invisibility
 S - 3 potions of ambrosia
Books
 p - a manual of Slings
 u - a manual of Long Blades
 V - a manual of Crossbows
Comestibles
 f - 26 rations


   Skills:
 + Level 12.8(12.2) Fighting
 + Level 20.2(19.5) Long Blades
 + Level 10.6(10.0) Throwing
 + Level 10.5(10.0) Armour
 * Level 13.2(12.6) Dodging
 - Level 4.0(3.5) Stealth
 + Level 1.4(0.9) Unarmed Combat
 + Level 3.5(3.0) Evocations


You had 14 spell levels left.
You didn't know any spells.
Your spell library contained the following spells:

 Spells                   Type           Power        Failure   Level  Hunger
 Animate Skeleton         Necr           N/A          92%         1    ##.....
 Apportation              Tloc           #.....       92%         1    ##.....
 Corona                   Hex            #......      92%         1    ##.....
 Freeze                   Ice            #...         92%         1    ##.....
 Magic Dart               Conj           #...         92%         1    ##.....
 Pain                     Necr           #...         92%         1    ##.....
 Summon Small Mammal      Summ           #...         92%         1    ##.....
 Blink                    Tloc           N/A          98%         2    ###....
 Call Imp                 Summ           #.......     98%         2    ###....
 Slow                     Hex            #.......     98%         2    ###....
 Conjure Flame            Conj/Fire      #.......     100%        3    ####...
 Inner Flame              Hex/Fire       #.......     100%        3    ####...
 Mephitic Cloud           Conj/Pois/Air  #.......     100%        3    ####...
 Ozocubu's Armour         Chrm/Ice       #.......     100%        3    ####...
 Portal Projectile        Hex/Tloc       #.....       100%        3    ####...
 Vampiric Draining        Necr           #.........   100%        3    ####...
 Animate Dead             Necr           N/A          100%        4    #####..
 Cause Fear               Hex            #.........   100%        4    #####..
 Leda's Liquefaction      Hex/Erth       #.........   100%        4    #####..
 Olgreb's Toxic Radiance  Pois           #.......     100%        4    #####..
 Agony                    Necr           #.......     100%        5    ######.
 Bolt of Magma            Conj/Fire/Erth #.........   100%        5    ######.
 Iskenderun's Battlesphe  Conj/Chrm      #.......     100%        5    ######.
 Metabolic Englaciation   Hex/Ice        #.........   100%        5    ######.
 Iron Shot                Conj/Erth      #.........   100%        6    #######
 Orb of Destruction       Conj           #.........   100%        7    #######
 Spellforged Servitor     Conj/Summ      #.........   100%        7    #######


Dungeon Overview and Level Annotations

Branches:
Dungeon (12/15)            Temple (1/1) D:4            Lair (6/6) D:9
 Shoals (0/4) Lair:3        Snake (0/4) Lair:2        Slime (0/5) Lair:5
    Orc (2/2) D:10            Elf (1/3) Orc:2         Sewer (visited)
Gauntlet (visited)

Altars:
Ashenzari
Cheibriados
Elyvilon
Kikubaaqudgha
Makhleb
Nemelex Xobeh
Okawaru
Trog
Zin
Jiyva

Shops:
Orc:1 *   Orc:2 }[:%*   Elf:1 %

Annotations:
D:9 1 runed translucent door, Yorgos's ghost, novice GnAK
D:10 1 runed translucent door
Elf:1 Frances


Innate Abilities, Weirdness & Mutations

You reflexively headbutt those who attack you in melee.
You have a pair of horns on your head.
Scrolls take you a little longer to read.
You possess an exceptional clarity of mind.


Message History

Frances screams a word of power!
Frances seems to speed up.
Throwing (i - inventory. (/) - cycle)
H - 24 javelins (quivered)
Press: ? - help, Shift-Dir - straight line, f/p - Frances
Aim: Frances, wielding a +0 battleaxe and wearing a +0 chain mail (heavily wounded, fast)
Okay, then.
Unknown command.
Frances hits Frances with a +0 battleaxe! x2
Frances mutters in a terrible tongue.
Send 'em back where they came from!
Frances shimmers and vanishes!
You block Frances's attack.
Throwing (i - inventory. (/) - cycle)
H - 24 javelins (quivered)
Press: ? - help, Shift-Dir - straight line, f/p - Frances
Aim: Frances, wielding a +0 battleaxe and wearing a +0 chain mail (severely wounded, fast)
You throw a javelin. The javelin pierces through Frances.
Frances is severely wounded.
Frances whispers indecipherable words.
The shard of ice hits you!!!
You die...

##### ##...##
##.....##
#.......#
###.......#
+.'.......#
####.....##
##@@..## ##4###'#
##.## #.#
##4#####'###
##E####.....##
##.####.......##
#e####.........##
......(##
#.........).#
.......
#...........#


You could see Frances, a hellwing, an ice devil, a water elemental and a deep
elf mage.

Vanquished Creatures
  Gastronok (Lair:2)
  Agnes (Elf:1)
  A deep elf sorcerer (Elf:1)
  A minotaur (Gauntlet)
  A dire elephant (Gauntlet)
  A deep elf death mage (Elf:1)
  4 ogre magi (Orc:2)
  Erolcha (D:9)
  2 hydras
  15 two-headed ogres
  2 dancing weapons (Elf:1)
  5 skeletal warriors (D:12)
  2 necromancers (Elf:1)
  An orc knight (Orc:2)
  4 lindwurms (Lair:5)
  Pikel (D:5)
  10 deep elf magi (Elf:1)
  A manticore (D:9)
  5 black mambas
  5 elephants
  A cyclops (D:12)
  3 large abominations (Elf:1)
  3 centaur zombies
  Maurice (Orc:1)
  19 spiny frogs
  Maggie (Lair:1)
  4 rime drakes
  A kobold demonologist (D:11)
  5 komodo dragons
  4 hornets (Lair:6)
  A wind drake (shapeshifter) (Elf:1)
  A troll (Orc:2)
  A raiju (Gauntlet)
  6 polar bears
  8 blink frogs
  4 slime creatures (Gauntlet)
  Grinder (D:4)
  11 hippogriffs
  A dream sheep (Lair:6)
  3 air elementals (Elf:1)
  2 wraiths
  11 spriggans (Lair:6)
  A shadow (D:10)
  3 water elementals
  A wyvern (Lair:2)
  57 yaks
  A fire elemental (Elf:1)
  3 basilisks
  3 steam dragons
  5 nagas (Lair:2)
  A hungry ghost (D:10)
  A soldier ant (D:12)
  Edmund (D:4)
  12 porcupines
  10 water moccasins
  8 orc warriors
  5 ice beasts
  4 sky beasts
  A slave (D:5)
  3 black bears
  2 phantoms (D:10)
  23 ogres
  5 boggarts (Lair:6)
  31 wolves
  9 crocodiles
  8 centaurs
  A big kobold (Sewer)
  Blork the orc (D:4)
  3 elf zombies (Elf:1)
  2 earth elementals (Elf:1)
  13 bullfrogs
  2 scorpions
  12 killer bees (D:11)
  2 troll zombies (D:10)
  An electric eel (Lair:2)
  3 crimson imps
  6 jellies
  A quasit (D:12)
  2 hounds (D:9)
  A centaur skeleton (D:10)
  6 orc priests
  3 bullfrog skeletons
  Ijyb (D:4)
  11 orc wizards
  Natasha (twice) (D:4)
  3 iguanas
  3 worker ants
  A killer bee zombie (D:6)
  6 ogre zombies (D:10)
  A worker ant zombie (D:10)
  3 gnolls (D:4)
  17 adders
  2 shadow imps
  5 oozes (D:9)
  7 worms
  A dart slug (D:4)
  4 leopard geckos
  35 orcs
  2 ball pythons
  6 bats
  8 giant cockroaches
  4 goblins
  8 hobgoblins
  10 jackals
  11 kobolds
  2 quokkas
  3 frilled lizards
  3 goblin skeletons (D:10)
  4 goblin zombies (D:10)
  A hobgoblin skeleton (D:10)
  3 hobgoblin zombies (D:10)
  2 orc skeletons (D:10)
  12 orc zombies (D:10)
  A quokka skeleton (D:6)
  A quokka zombie (D:6)
  7 rats
  A fungus (Lair:5)
604 creatures vanquished.

Vanquished Creatures (others)
  A quokka (D:5)
  2 bushes (D:9)
  3 demonic plants (Gauntlet)
  6 fungi
  26 plants
38 creatures vanquished.

Grand Total: 642 creatures vanquished

Notes
Turn   | Place    | Note
-------+----------+-------------------------------------------
     0 | D:1      | Lugonue the Minotaur Gladiator began the quest for the Orb.
     0 | D:1      | Reached XP level 1. HP: 18/18 MP: 0/0
   278 | D:1      | You fall into a shaft and drop 1 floor!
   284 | D:2      | Reached skill level 4 in Long Blades
   284 | D:2      | Reached XP level 2. HP: 14/25 MP: 1/1
   769 | D:1      | Reached XP level 3. HP: 26/30 MP: 2/2
  1031 | D:2      | Reached XP level 4. HP: 10/38 MP: 3/3
  1642 | D:3      | Reached skill level 1 in Armour
  1964 | D:3      | Reached skill level 5 in Long Blades
  2047 | D:3      | Reached XP level 5. HP: 44/45 MP: 4/4
  2405 | D:4      | Noticed Natasha
  2408 | D:4      | Killed Natasha
  2471 | D:4      | Noticed Grinder
  2475 | D:4      | Paralysed by Grinder for 5 turns
  2485 | D:4      | Killed Grinder
  2485 | D:4      | Reached skill level 6 in Long Blades
  2485 | D:4      | Reached XP level 6. HP: 52/52 MP: 5/5
  2563 | D:4      | Noticed Blork the orc
  2569 | D:4      | Killed Blork the orc
  2741 | D:4      | Found a staircase to the Ecumenical Temple.
  2761 | Temple   | Entered the Ecumenical Temple
  2786 | Temple   | Became a worshipper of Warmaster Okawaru
  2822 | D:4      | Found a burning altar of Makhleb.
  2830 | D:4      | Noticed Ijyb
  2851 | D:4      | Killed Ijyb
  2851 | D:4      | Reached XP level 7. HP: 60/60 MP: 6/6
  2961 | D:4      | Reached skill level 5 in Dodging
  2999 | D:4      | Noticed Natasha
  3006 | D:4      | Killed Natasha
  3014 | D:4      | Noticed Edmund
  3024 | D:4      | Killed Edmund
  3024 | D:4      | Reached skill level 7 in Long Blades
  3171 | D:4      | Found a snail-covered altar of Cheibriados.
  3244 | D:4      | Reached skill level 5 in Fighting
  3462 | D:5      | Entered Level 5 of the Dungeon
  3540 | D:5      | Noticed Pikel
  3541 | D:5      | Reached skill level 1 in Evocations
  3562 | D:5      | Killed Pikel
  3562 | D:5      | Reached * piety under Okawaru
  3562 | D:5      | Reached skill level 8 in Long Blades
  3562 | D:5      | Reached skill level 1 in Stealth
  3562 | D:5      | Reached skill level 1 in Unarmed Combat
  3562 | D:5      | Reached XP level 8. HP: 58/69 MP: 7/7
  3621 | D:5      | Found a glowing drain.
  3632 | Sewer    | Entered a sewer
  3704 | Sewer    | Reached skill level 5 in Armour
  3724 | Sewer    | Found a white marble altar of Elyvilon.
  4328 | D:6      | Found a shattered altar of Ashenzari.
  4582 | D:6      | Noticed a hippogriff
  4597 | D:6      | Reached ** piety under Okawaru
  4603 | D:6      | Killed a hippogriff
  4603 | D:6      | Reached skill level 9 in Long Blades
  4603 | D:6      | Reached XP level 9. HP: 63/75 MP: 8/8
  5091 | D:6      | Found a sparkling altar of Nemelex Xobeh.
  5490 | D:7      | You fall into a shaft and drop 2 floors!
  5520 | D:9      | Reached skill level 5 in Throwing
  5843 | D:9      | Reached *** piety under Okawaru
  5863 | D:9      | Reached skill level 10 in Long Blades
  5930 | D:9      | Found a staircase to the Lair.
  5970 | D:9      | Reached XP level 10. HP: 23/86 MP: 9/9
  5990 | D:9      | Received a gift from Okawaru
  6316 | D:9      | Noticed a manticore
  6325 | D:9      | Killed a manticore
  6396 | D:9      | Reached **** piety under Okawaru
  6707 | D:9      | Noticed Erolcha
  6716 | D:9      | Killed Erolcha
  6716 | D:9      | Reached ***** piety under Okawaru
  6716 | D:9      | Reached skill level 11 in Long Blades
  6773 | D:9      | Found a runed translucent door.
  6773 | D:9      | Noticed Yorgos's ghost (novice GnAK)
  6916 | D:10     | Entered Level 10 of the Dungeon
  7008 | D:10     | Received a gift from Okawaru
  7061 | D:10     | Found a staircase to the Orcish Mines.
  7105 | D:10     | Received a gift from Okawaru
  7105 | D:10     | Reached XP level 11. HP: 55/94 MP: 11/11
  7110 | D:10     | Got a shimmering triple sword {god gift}
  7111 | D:10     | Identified the +5 triple sword "Undertaker" {vorpal,
                  | +Blink} (Okawaru gifted it to you on level 10 of the
                  | Dungeon)
  7590 | D:10     | Found a white marble altar of Elyvilon.
  7590 | D:10     | Noticed an angel
  7591 | D:10     | Found a runed translucent door.
  7727 | Orc:1    | Entered Level 1 of the Orcish Mines
  7735 | Orc:1    | Noticed Maurice
  7745 | Orc:1    | Killed Maurice
  7777 | Orc:1    | Found Sael's General Store.
  7791 | Orc:1    | Reached skill level 12 in Long Blades
  8014 | Orc:2    | Entered Level 2 of the Orcish Mines
  8136 | Orc:2    | Noticed a two-headed ogre
  8137 | Orc:2    | Noticed a two-headed ogre
  8140 | Orc:2    | Noticed a two-headed ogre
  8145 | Orc:2    | Noticed a two-headed ogre
  8147 | Orc:2    | Noticed an ogre mage
  8166 | Orc:2    | Noticed a two-headed ogre
  8172 | Orc:1    | Killed a two-headed ogre
  9153 | D:12     | Noticed a two-headed ogre
  9170 | D:12     | Killed a two-headed ogre
  9170 | D:12     | Reached skill level 13 in Long Blades
  9204 | D:12     | Reached ****** piety under Okawaru
  9310 | Orc:1    | Bought the +7 plate armour of the Tundras {rPois Str+2} for
                  | 1027 gold pieces
  9391 | D:12     | Noticed a skeletal warrior
  9393 | D:12     | Noticed a skeletal warrior
  9394 | D:12     | Noticed a skeletal warrior
  9395 | D:12     | Found a gate leading to a gauntlet.
  9410 | Gauntlet | Entered a Gauntlet
  9410 | Gauntlet | Found a transporter.
  9614 | Gauntlet | Found a transporter.
  9629 | Gauntlet | Found a transporter.
  9634 | Gauntlet | Found a transporter.
  9649 | Gauntlet | Noticed a necromancer
  9649 | Gauntlet | Noticed a death yak
  9649 | Gauntlet | Noticed a death yak
  9650 | Gauntlet | Noticed a death yak
  9651 | Gauntlet | Found a transporter.
  9669 | Gauntlet | Found a transporter.
  9669 | Gauntlet | Noticed an obsidian statue
  9681 | Gauntlet | Found a transporter.
  9683 | Gauntlet | Identified the ring of Kummetyt {*Contam +Inv rN+++ Str+2
                  | Dex-2}
  9690 | Gauntlet | Noticed a death scarab
  9693 | Gauntlet | Found a transporter.
  9698 | Gauntlet | Found a transporter.
  9700 | Gauntlet | Found a transporter.
  9702 | Gauntlet | Found a transporter.
  9716 | Gauntlet | Noticed a death scarab
  9721 | Gauntlet | Noticed a glowing orange brain
  9722 | Gauntlet | Found a transporter.
  9730 | Gauntlet | Found a transporter.
  9732 | Gauntlet | Found a transporter.
  9744 | Gauntlet | Noticed a purple ugly thing
  9744 | Gauntlet | Noticed a red ugly thing
  9745 | Gauntlet | Noticed a glowing orange brain
  9753 | Gauntlet | Found a transporter.
  9753 | Gauntlet | Noticed a dire elephant
  9771 | Gauntlet | Found a transporter.
  9790 | Gauntlet | Found a transporter.
  9791 | Gauntlet | Found the +3 crown of Dyrovepreva {rElec Int+2 SInv}
  9836 | Gauntlet | Found a transporter.
  9936 | Gauntlet | Received a gift from Okawaru
 10096 | Gauntlet | Gained mutation: Scrolls take you a little longer to read.
                  | [potion of mutation]
 10096 | Gauntlet | Gained mutation: You possess an exceptional clarity of
                  | mind. [potion of mutation]
 10375 | Gauntlet | Killed a dire elephant
 10375 | Gauntlet | Reached XP level 12. HP: 43/104 MP: 13/13
 10768 | Gauntlet | Noticed a minotaur
 10781 | Gauntlet | Killed a minotaur
 10795 | Gauntlet | Identified the Almanac of Freezing Intoxication
 10805 | D:12     | Reached skill level 14 in Long Blades
 10805 | D:12     | Reached skill level 10 in Dodging
 10880 | D:12     | Received a gift from Okawaru
 11075 | Lair:1   | Entered Level 1 of the Lair of Beasts
 11094 | Lair:1   | Received a gift from Okawaru
 11100 | Lair:1   | Got a jewelled triple sword {god gift}
 11102 | Lair:1   | Identified the +4 triple sword of Grandeur {freeze, Str+3
                  | Int+4} (Okawaru gifted it to you on level 1 of the Lair of
                  | Beasts)
 11201 | Lair:1   | Reached skill level 10 in Fighting
 11204 | Lair:1   | Noticed Maggie
 11214 | Lair:1   | Killed Maggie
 11230 | Lair:1   | Reached skill level 15 in Long Blades
 11704 | Lair:1   | Found the +10 tower shield of Ignorance {rN+ Int-4}
 12156 | Lair:2   | Noticed a seven-headed hydra
 12164 | Lair:2   | Reached XP level 13. HP: 110/113 MP: 14/14
 12167 | Lair:2   | Received a gift from Okawaru
 12280 | Lair:2   | Noticed Gastronok
 12292 | Lair:2   | Killed Gastronok
 12550 | Lair:2   | Found a staircase to the Snake Pit.
 13018 | Lair:3   | Received a gift from Okawaru
 13249 | Lair:3   | Received a gift from Okawaru
 13280 | Lair:3   | Found a staircase to the Shoals.
 13662 | Lair:3   | Reached skill level 16 in Long Blades
 14207 | Lair:4   | Received a gift from Okawaru
 15475 | Lair:6   | Entered Level 6 of the Lair of Beasts
 15660 | Lair:6   | Reached XP level 14. HP: 119/124 MP: 15/15
 15755 | Lair:6   | Reached skill level 17 in Long Blades
 15801 | Lair:6   | Reached skill level 10 in Throwing
 15857 | Lair:6   | Received a gift from Okawaru
 15879 | Lair:6   | Got an ancient scale mail {god gift}
 15882 | Lair:6   | Identified the +4 scale mail "Ivaodob" {rCorr Int+4}
                  | (Okawaru gifted it to you on level 6 of the Lair of Beasts)
 16839 | Lair:5   | Found a staircase to the Slime Pits.
 16840 | Lair:5   | Found a viscous altar of Jiyva.
 17119 | Orc:2    | Reached skill level 18 in Long Blades
 17123 | Orc:2    | Reached skill level 10 in Armour
 17454 | Orc:2    | Received a gift from Okawaru
 17468 | Orc:2    | Paralysed by an ogre mage for 7 turns
 17687 | Orc:2    | Found Jimn's Food Boutique.
 17687 | Orc:2    | Found Notweaps's Book Shoppe.
 17688 | Orc:2    | Found Motadeis's Armour Shoppe.
 17688 | Orc:2    | Found Kaal's Gadget Shop.
 17723 | Orc:2    | Reached skill level 19 in Long Blades
 18085 | Orc:2    | Found a staircase to the Elven Halls.
 18106 | Orc:2    | Found Aril's General Store.
 18126 | Elf:1    | Entered Level 1 of the Elven Halls
 18167 | Elf:1    | Received a gift from Okawaru
 18226 | Elf:1    | Received a gift from Okawaru
 18226 | Elf:1    | Reached XP level 15. HP: 103/134 MP: 16/16
 18307 | Elf:1    | Noticed Agnes
 18320 | Elf:1    | Killed Agnes
 18394 | Elf:1    | Noticed a deep elf sorcerer
 18402 | Elf:1    | Killed a deep elf sorcerer
 18443 | Elf:1    | Reached skill level 20 in Long Blades
 18455 | Elf:1    | HP: 5/134 [deep elf death mage/bolt of negative energy
                  | (21)]
 18583 | Elf:1    | Identified the Tome of Dark Rites
 18643 | Elf:1    | Found Liobepov's Food Emporium.
 18685 | Elf:1    | Noticed Frances
 18702 | Elf:1    | Killed from afar by Frances

Levels and vault maps discovered:
D:1:      lightli_arrival_statue_moat, layout_loops_corners
D:2:      layout_rooms, first_ration
D:3:      layout_loops_ring
D:4:      layout_cave_pools, kennysheep_little_box, lemuel_round_altar,
          minmay_temple_entry_sparse_star, serial_co_window_serial,
          co_window_of_opportunity_a, co_window_corner_a,
          co_window_of_opportunity_a, co_window_paths_b, co_window_paths_b,
          co_window_of_opportunity_a, co_window_paths_a, co_window_corner_b,
          co_window_broadway_b, co_window_corner_b, co_window_unsneaky_path_b,
          co_window_paths_e, glass_columns_c, glass_columns_a, glass_columns_c,
          glass_columns_a, glass_columns_a, uniq_grinder, uniq_edmund,
          uniq_natasha, uniq_ijyb, uniq_blork_the_orc
D:5:      layout_basic, portal_sewer_entry_f, uniq_pikel
D:6:      kennysheep_big_flooded_room, layout_loops_corners,
          nemelex_xobeh_ov_fountains_minmay, lemuel_doored_altar, sigmund_army
D:7:      layout_cave_pods, kennysheep_mini_moat, lemuel_crystal_altar,
          serial_shops, shop, minmay_misc_feat_hallway
D:9:      layout_roguey, minmay_lair_entry_grove, ebering_ghost_reflecting_pool,
          hangedman_little_slice_of_home, uniq_erolcha
D:10:     layout_roguey, zombieorc2_lemuel, lemuel_angel_altar
D:11:     layout_irregular_city
D:12:     layout_loops_ring, gauntlet_entry_generic, serial_ice, serial_ice_l,
          serial_ice_d, serial_ice_e, serial_ice_b
Temple:   eino_temple_scatter_basement
Lair:1:   layout_loops_ring, uniq_maggie
Lair:2:   layout_regular_city, minmay_snake_entry_guardpost_medium,
          nicolae_quartered_pool_little, uniq_gastronok
Lair:3:   layout_long_grid, minmay_shoals_entry_centaurs, minivault_24,
          beast_lair_carwin_10
Lair:4:   layout_cave_pods
Lair:5:   layout_cave_pods, slime_altar_1, minmay_lindwurm_lava,
          grunt_megastairs_5
Lair:6:   minmay_lair_end_enchanted_forest, layout_long_grid
Orc:1:    layout_caves, serial_shops, shop, uniq_erica, uniq_maurice
Orc:2:    st_orc_ogre_mass, layout_caves, serial_shops,
          nicolae_shop_behind_doors
Elf:1:    layout_geoelf_octagon, serial_shops, shop, minmay_elf_necromancy,
          uniq_agnes, uniq_frances

Skill      XL: |  1  2  3  4  5  6  7  8  9 10 11 12 13 14 15 |
---------------+----------------------------------------------+-----
Long Blades    | 4 5 6 8 9 10 11 13 15 16 19 20 | 20.2
Fighting       | 3 4 5 6 7 9 10 11 12 | 12.8
Dodging        | 4 5 7 8 9 10 12 13 | 13.2
Armour         | 1 2 4 5 6 7 8 9 10 | 10.5
Throwing       | 3 4 6 7 8 9 10 | 10.6
Evocations     | 1 3 |  3.5
Stealth        | 1 2 4 |  4.0
Unarmed Combat | 1 |  1.4

Action                   |  1- 3 |  4- 6 |  7- 9 | 10-12 | 13-15 || total
-------------------------+-------+-------+-------+-------+-------++-------
Melee: Long sword        |    48 |    93 |   205 |   125 |       ||   471
       Headbutt          |    11 |    20 |    62 |   116 |   139 ||   348
       Unarmed           |       |    16 |       |       |       ||    16
       Punch             |       |       |     2 |       |       ||     2
       Triple sword      |       |       |       |   278 |   497 ||   775
Throw: Dart              |       |     8 |    48 |    22 |       ||    78
       Throwing net      |       |       |     5 |       |       ||     5
       Javelin           |       |       |     3 |   119 |   166 ||   288
       Boomerang         |       |       |       |     1 |       ||     1
 Abil: Evoke Berserk Rag |       |     2 |       |       |       ||     2
Evoke: Wand              |       |       |     3 |     4 |       ||     7
       Phantom mirror    |       |       |       |       |     1 ||     1
  Use: Scroll            |       |     2 |       |    28 |     3 ||    33
       Potion            |       |       |     6 |     3 |     9 ||    18
 Stab: Held in net/web   |       |       |     1 |       |       ||     1
       Paralysed         |       |       |     7 |     4 |       ||    11
       Sleeping          |       |       |     2 |     4 |       ||     6
       Distracted        |       |       |       |     1 |       ||     1
  Eat: Chunk             |       |     5 |     5 |    19 |    11 ||    40
       Ration            |       |     1 |     1 |     1 |     3 ||     6
Armor: Leather armour    |     5 |       |       |       |       ||     5
       Ring mail         |     8 |    35 |    72 |    92 |       ||   207
       Skin              |       |     2 |       |       |       ||     2
       Plate armour      |       |       |       |   109 |   288 ||   397
Dodge: Dodged            |    33 |    76 |   148 |   288 |   350 ||   895
Block: Other             |       |       |       |    44 |    72 ||   116
       Reflection        |       |       |       |       |     1 ||     1
       Rpst.: Long sword |    10 |    20 |    31 |    26 |       ||    87
       Triple sword      |       |       |       |    64 |   100 ||   164

Table legend:
 A = Non-vault XP
 B = Vault XP
 C = Vault XP percentage of total XP
 D = Non-vault monster count
 E = Vault monster count
 F = Vault count percentage of total count
                 A         B        C        D         E       F
            +---------+---------+-------+---------+---------+-------
      Total |   62949 |   53255 |  45.8 |     388 |     214 |  35.5
            +---------+---------+-------+---------+---------+-------
        D:1 |      14 |       0 |   0.0 |       8 |       0 |   0.0
        D:2 |     128 |       0 |   0.0 |      24 |       0 |   0.0
        D:3 |     109 |       0 |   0.0 |      26 |       0 |   0.0
        D:4 |     402 |     582 |  59.1 |      11 |       5 |  31.2
        D:5 |     428 |     629 |  59.5 |       8 |       7 |  46.7
        D:6 |     834 |     388 |  31.8 |      11 |       8 |  42.1
        D:7 |      32 |       0 |   0.0 |       1 |       0 |   0.0
        D:9 |    2799 |    2860 |  50.5 |      30 |      21 |  41.2
       D:10 |    1793 |     826 |  31.5 |      21 |      36 |  63.2
       D:11 |    2262 |       0 |   0.0 |      26 |       0 |   0.0
       D:12 |    8029 |     243 |   2.9 |      23 |       2 |   8.0
     Lair:1 |    7063 |     395 |   5.3 |      28 |       1 |   3.4
     Lair:2 |    3476 |    3164 |  47.7 |      17 |       6 |  26.1
     Lair:3 |    3634 |    4130 |  53.2 |      12 |      15 |  55.6
     Lair:4 |    4885 |       0 |   0.0 |      25 |       0 |   0.0
     Lair:5 |    2893 |    3205 |  52.6 |      12 |       7 |  36.8
     Lair:6 |    9683 |    7624 |  44.1 |      36 |      43 |  54.4
      Orc:1 |     325 |    1354 |  80.6 |       7 |       2 |  22.2
      Orc:2 |    2201 |   17607 |  88.9 |      36 |      34 |  48.6
      Elf:1 |   10875 |    6037 |  35.7 |      22 |      10 |  31.2
      Sewer |       0 |     111 | 100.0 |       0 |       8 | 100.0
   Gauntlet |    1084 |    4100 |  79.1 |       4 |       9 |  69.2
            +---------+---------+-------+---------+---------+-------
